 Dungeon Crawl Stone Soup version 0.30.1-3-gfc49f6343a (webtiles) character file.

Game seed: 6117537860512201303

203276 spardeous the Marksdemigod (level 17, -6/140 HPs)
             Began as a Demigod Conjurer on Aug 9, 2023.
             Mangled by an entropy weaver (8 damage)
             ... on level 4 of the Spider Nest.
             The game lasted 01:25:55 (36781 turns).

spardeous the Marksdemigod (Demigod Conjurer)      Turns: 36781, Time: 01:25:56

Health: -6/140     AC: 15    Str:  9 (14) XL:     17   Next: 35%
Magic:  1/36       EV:  8    Int: 40 (44) God:
Gold:   2769       SH:  0    Dex:  9 (15) Spells: 1/37 levels left

rFire   + + .        X - +10 shortbow "Fumuj" {speed, Int+2}
rCold   x . .        (shield currently unavailable)
rNeg    + . .        b - +7 scale mail of the Unseen Realm {Drain rPois rF+ rN+}
rPois   +            J - +2 helmet {SInv}
rElec   .            C - +1 cloak {Stlth+}
rCorr   .            G - +2 pair of gloves
SInv    +            K - +2 pair of boots
Will    +....        h - amulet of Vitality {RegenMP++ Regen++}
Stlth   +            e - ring of Mietyduu {Str+3 Int+6}
HPRegen 2.03/turn    W - ring "Zanueh Zui" {Fire Drain Slay+6}
MPRegen 1.05/turn

%: no passive effects
@: corroded
A: high MP 1, forlorn, divine attributes, clever 1, mutation resistance 1
}: 1/15 runes: decaying
a: no special abilities


You were on level 4 of the Spider Nest.
You visited 5 branches of the dungeon, and saw 30 of its levels.
You also visited: Bailey, Gauntlet and Ice Cave.

You collected 4245 gold pieces.
You spent 1476 gold pieces at shops.

Inventory:

Hand Weapons
 X - the +10 shortbow "Fumuj" (weapon) {speed, Int+2}
   (You took it off an orc warrior in a bailey)

   Int:       It affects your intelligence (+2).
Armour
 b - the +7 scale mail of the Unseen Realm (worn) {Drain rPois rF+ rN+}
   (You bought it in a shop on level 2 of the Orcish Mines)

   rF:        It protects you from fire.
   rPois:     It protects you from poison.
   rN:        It protects you from negative energy.
   Drain:     It drains your maximum health when unequipped.
 C - a +1 cloak of stealth (worn)
 G - a +2 pair of gloves (worn)
 J - a +2 helmet of see invisible (worn)
 K - a +2 pair of boots (worn)
Jewellery
 e - the ring of Mietyduu (left hand) {Str+3 Int+6}
   (You found it in a Gauntlet)

   [ring of intelligence]

   Str:       It affects your strength (+3).
   Int:       It affects your intelligence (+6).
 h - the amulet of Vitality (around neck) {RegenMP++ Regen++}
   (You took it off a minotaur in a Gauntlet)

   [amulet of magic regeneration]

   It increases your rate of magic regeneration.
   Regen:     It increases your rate of health regeneration.
 o - a ring of magical power
 s - a ring of wizardry
 z - a ring of positive energy
 D - a ring of protection from cold
 U - a +6 ring of strength
 V - a ring of flight
 W - the ring "Zanueh Zui" (right hand) {Fire Drain Slay+6}
   (You bought it in a shop on level 2 of the Orcish Mines)

   [ring of fire]

   It enhances your fire magic.
   Slay:      It affects your accuracy & damage with ranged weapons and melee
   (+6).
   rF:        It protects you from fire.
   rC:        It makes you vulnerable to cold.
   Drain:     It drains your maximum health when unequipped.
Wands
 a - a wand of iceblast (39)
 l - a wand of digging (9)
 q - a wand of quicksilver (31)
 L - a wand of mindburst (11)
 O - a wand of polymorph (7)
 Q - a wand of flame (57)
 S - a wand of paralysis (40)
Scrolls
 g - 2 scrolls of amnesia
 i - 4 scrolls of teleportation
 n - 5 scrolls of fog
 t - 6 scrolls of fear
 B - 3 scrolls of magic mapping
 F - a scroll of silence
 H - 8 scrolls of poison
 M - 5 scrolls of enchant weapon
 R - 2 scrolls of brand weapon
 Y - a scroll of immolation
 Z - 2 scrolls of summoning
Potions
 c - 2 potions of resistance
 f - a potion of haste
 k - a potion of ambrosia
 m - a potion of invisibility
 p - 5 potions of attraction
 r - 3 potions of curing
 u - a potion of heal wounds
 v - 9 potions of flight
 w - 5 potions of mutation
 x - 3 potions of lignification
 A - 2 potions of magic
 I - 5 potions of berserk rage
 N - 2 potions of might
 P - a potion of brilliance
 T - 2 potions of cancellation
Miscellaneous
 d - a phantom mirror


   Skills:
 - Level 10.1 Fighting
 - Level 16.1 Ranged Weapons
 - Level 7.3 Armour
 + Level 2.3 Dodging
 - Level 1.7 Stealth
 - Level 7.0 Shields
 - Level 10.8 Spellcasting
 - Level 8.2 Conjurations
 - Level 11.6 Necromancy
 - Level 7.2 Translocations
 - Level 10.2 Transmutations
 - Level 6.0 Earth Magic


You had one spell level left.
You knew the following spells:

 Your Spells              Type           Power      Damage    Failure   Level
b - Searing Ray           Conj           100%       2d8       1%          2
c - Iskenderun's Mystic   Conj/Tloc      70%        2d14      4%          4
d - Statue Form           Tmut/Erth      48%        N/A       47%         6
e - Swiftness             Air            21%        N/A       30%         3
f - Borgnjor's Vile Clut  Necr/Erth      37%        N/A       8%          5
g - Starburst             Conj/Fire      34%        6d10      96%         6
h - Passwall              Tmut/Erth      60%        N/A       1%          2
i - Necromutation         Tmut/Necr      41%        N/A       100%        8

Your spell library contained the following spells:

 Spells                   Type           Power      Damage    Failure   Level
 Magic Dart               Conj           100%       1d8       1%          1
 Necrotise                Necr           100%       1d9       1%          1
 Sandblast                Erth           100%       2d20      1%          1
 Shock                    Conj/Air       100%       1d9       1%          1
 Sting                    Tmut/Pois      100%       1d8       1%          1
 Slow                     Hex            84%        N/A       10%         1
 Blink                    Tloc           100%       N/A       1%          2
 Stone Arrow              Conj/Erth      100%       3d13      1%          3
 Vampiric Draining        Necr           86%        2d12      1%          3
 Animate Dead             Necr           86%        N/A       1%          4
 Agony                    Necr           86%        N/A       2%          5
 Petrify                  Tmut/Erth      72%        N/A       3%          4
 Manifold Assault         Tloc           68%        N/A       4%          4
 Passage of Golubria      Tloc           68%        N/A       4%          4
 Blade Hands              Tmut           40%        N/A       4%          5
 Dazzling Flash           Conj/Hex       100%       N/A       5%          3
 Portal Projectile        Hex/Tloc       100%       N/A       7%          3
 Volatile Blastmotes      Fire/Tloc      100%       2d18      7%          3
 Anguish                  Hex/Necr       31%        N/A       9%          4
 Mephitic Cloud           Conj/Pois/Air  43%        N/A       10%         3
 Ice Form                 Ice/Tmut       58%        N/A       12%         4
 Death Channel            Necr           43%        N/A       13%         6
 Call Imp                 Summ           42%        N/A       16%         2
 Fulminant Prism          Conj/Hex       26%        3d14      19%         4
 Animate Armour           Summ/Erth      90%        N/A       28%         4
 Leda's Liquefaction      Hex/Erth       22%        N/A       28%         4
 Call Canine Familiar     Summ           21%        N/A       30%         3
 Confusing Touch          Hex            21%        N/A       30%         3
 Frozen Ramparts          Ice            42%        1d7       30%         3
 Inner Flame              Hex/Fire       32%        N/A       30%         3
 Ozocubu's Armour         Ice            21%        N/A       30%         3
 Tukima's Dance           Hex            21%        N/A       30%         3
 Alistair's Intoxication  Tmut/Pois      38%        N/A       34%         5
 Yara's Violent Unravell  Hex/Tmut       29%        3d12      34%         5
 Iron Shot                Conj/Erth      34%        9d7       63%         6
 Airstrike                Air            10%        2d(2-18)  69%         4
 Cause Fear               Hex            10%        N/A       69%         4
 Olgreb's Toxic Radiance  Pois           21%        N/A       69%         4
 Summon Ice Beast         Ice/Summ       21%        N/A       69%         4
 Eringya's Noxious Bog    Tmut/Pois      29%        N/A       88%         6
 Enfeeble                 Hex            10%        N/A       100%        7
 Ozocubu's Refrigeration  Ice            10%        4d9       100%        7
 Storm Form               Tmut/Air       29%        N/A       100%        7
 Discord                  Hex            10%        N/A       100%        8
 Ignition                 Fire           16%        3d6       100%        8


Dungeon Overview and Level Annotations

Branches:
Dungeon (15/15)            Temple (0/1) D:4            Lair (5/5) D:9
  Swamp (4/4) Lair:2       Spider (4/4) Lair:3        Slime (0/5) Lair:5
    Orc (2/2) D:10            Elf (0/3) Orc:2        Vaults (0/5) D:14
 Depths (0/4) D:15         Bailey (visited)           IceCv (visited)
Gauntlet (visited)

Shops:
D:10 ?   Orc:2 [=[(!


Innate Abilities, Weirdness & Mutations

You have an increased reservoir of magic. (+10% MP)
You shall have no god before yourself.
Your divine heritage dramatically boosts your attributes as you level up.
Your mind is acute. (Int +4, Str/Dex -1)
You are somewhat resistant to further mutation.


Message History

* * * LOW HITPOINT WARNING * * *
The ghost moth hits you.
* * * LOW HITPOINT WARNING * * *
The ghost moth stings you but does no damage.
You take 14 damage, and have 37/140 hp.
Unknown command.
Okay, then.
You feel better. The entropy weaver closely misses you.
The entropy weaver hits you but does no damage.
The entropy weaver hits you.
* * * LOW HITPOINT WARNING * * *
The entropy weaver closely misses you. The ghost moth stares at you.
You feel your power leaking away. The ghost moth hits you.
* * * LOW HITPOINT WARNING * * *
You feel weakened. The ghost moth hits you.
* * * LOW HITPOINT WARNING * * *
You feel weakened. The ghost moth closely misses you.
The entropy weaver hits you.
* * * LOW HITPOINT WARNING * * *
The entropy weaver hits you but does no damage.
The entropy weaver hits you!
* * * LOW HITPOINT WARNING * * *
The entropy weaver barely misses you.
You take 3 damage, and have 34/140 hp.
You now have 0/36 mp.
You shoot an arrow.
The arrow closely misses the entropy weaver.
The jumping spider leaps!
The ghost moth hits you!
* * * LOW HITPOINT WARNING * * *
You feel clumsy. The ghost moth hits you!
* * * LOW HITPOINT WARNING * * *
You feel weakened. The ghost moth stings you!
* * * LOW HITPOINT WARNING * * *
You feel clumsy. The entropy weaver hits you!
You die...

########
#§§§§#.#
#§§§§..#
##§s§§.#
#..§§§.##
#.#§§§§.# #
#§§#§##
#§§§§B##
#§§§○y@#
#.§§.§#####
s...§#...
....##.^..
... .....s
#. ........
.
..#####...
..^ .B.#


You could see a ghost moth (invisible), an entropy weaver and a jumping spider
(poisoned).

Vanquished Creatures
  Bai Suzhen (Swamp:4)
  Jorgrun (Orc:1)
  Mlioglotl (Swamp:4)
  A tentacled monstrosity (Swamp:3)
  Rupert (D:14)
  A thorn hunter (Swamp:4)
  Kirke (Lair:4)
  Roxanne (Swamp:4)
  Frances (Swamp:1)
  2 fenstrider witches
  The ghost of gdog the Covert, an adept GnDe of Yredelemnul (Spider:1)
  Louise (Swamp:2)
  An emperor scorpion (Spider:1)
  An orc warlord (Orc:1)
  A stone giant (D:15)
  A broodmother (Spider:2)
  5 eleionomae
  A spark wasp (Spider:2)
  A minotaur (Gauntlet)
  14 bunyips
  Snorg (D:14)
  An ettin (Orc:1)
  3 entropy weavers (Spider:3)
  2 shambling mangroves
  Josephine (D:15)
  An ogre mage (D:15)
  23 hydras
  2 radroaches
  3 jorogumos
  A catoblepas (Lair:3)
  8 boulder beetles
  5 centaur warriors
  2 tengu warriors (D:15)
  2 dancing weapons (D:14)
  2 ghost crabs
  12 two-headed ogres
  4 alligators
  5 death yaks
  A hell hog (Gauntlet)
  3 orc high priests (Orc:2)
  Sonja (Lair:4)
  3 goliath frogs
  2 pharaoh ants
  A wretched star (Gauntlet)
  6 skeletal warriors (D:12)
  A sun moth (Spider:1)
  3 spriggan druids
  6 orb spiders
  10 swamp dragons
  A death drake (Swamp:4)
  4 steelbarb worms
  2 deep elf zephyrmancers (D:15)
  An orange crystal statue (D:9)
  A wizard (D:14)
  5 deep elf pyromancers
  Pikel (D:7)
  7 orc knights
  10 ugly things
  8 orc sorcerers
  3 manticores
  4 cyclopes
  11 wolf spiders
  A will-o-the-wisp (Swamp:3)
  3 moths of wrath
  6 black mambas
  6 demonic crawlers
  26 cane toads
  6 torpor snails
  2 ice statues (IceCv)
  2 gargoyles
  Maggie (D:8)
  Psyche (D:9)
  4 rime drakes
  2 kobold demonologists (D:12)
  2 efreet (D:13)
  13 komodo dragons
  12 tyrant leeches
  2 bloated husks
  A queen bee (Gauntlet)
  8 tarantellas
  7 trolls
  14 hornets
  3 polar bears
  A hornet (shapeshifter) (D:13)
  27 blink frogs
  7 dream sheep
  6 slime creatures (D:12)
  12 culicivoras
  A vampire (D:11)
  17 jumping spiders
  2 centaur simulacra (D:12)
  16 spriggans
  A water elemental (D:12)
  2 shadows
  6 hogs (Lair:4)
  6 wraiths
  3 wyverns
  6 humans (D:10)
  4 fire bats (Gauntlet)
  39 yaks
  A human (shapeshifter) (D:13)
  Grum (D:10)
  4 death yak simulacra
  37 redbacks
  A neqoxec (Gauntlet)
  Eustachio (D:4)
  2 basilisks
  14 vampire mosquitoes
  4 wargs
  26 swamp worms
  3 hell hounds (Gauntlet)
  14 water moccasins
  26 orc warriors
  8 swamp drakes (Swamp:4)
  2 black bears
  7 ice beasts
  7 ogres
  10 wolves
  2 small abominations (Gauntlet)
  12 centaurs
  2 phantoms
  3 lemures
  4 kobold brigands
  15 bullfrogs
  3 scorpions (D:5)
  A two-headed ogre simulacrum (D:12)
  9 wights
  15 killer bees
  2 howler monkeys (D:9)
  7 electric eels
  2 jellies
  7 orc priests
  2 hounds
  A gnoll bouda (D:9)
  2 iguanas (D:7)
  Terence (D:2)
  A sleepcap (D:7)
  Natasha (thrice) (D:2)
  21 orc wizards
  A troll simulacrum (D:12)
  3 polar bear simulacra (IceCv)
  A wolf simulacrum (D:12)
  5 gnolls (D:9)
  4 adders
  3 naga simulacra (D:12)
  5 shadow imps
  3 white imps
  3 ufetubi
  A worm (D:2)
  5 dart slugs
  66 orcs
  6 ball pythons
  4 bats
  6 endoplasms
  2 giant cockroaches
  14 goblins
  14 hobgoblins
  27 kobolds
  2 quokkas
  4 rats
951 creatures vanquished.

Vanquished Creatures (others)
  A bloated husk (Swamp:1)
  A culicivora (Spider:1)
  4 foxfires (Swamp:3)
6 creatures vanquished.

Grand Total: 957 creatures vanquished

Notes
Turn   | Place    | Note
-------+----------+-------------------------------------------
     0 | D:1      | spardeous the Demigod Conjurer began the quest for the Orb.
     0 | D:1      | Reached XP level 1. HP: 14/14 MP: 5/5
   295 | D:1      | Reached XP level 2. HP: 20/20 MP: 1/7
   969 | D:2      | Learned a level 2 spell: Searing Ray
   976 | D:2      | Reached XP level 3. HP: 26/26 MP: 4/8
  1012 | D:2      | Noticed Terence
  1027 | D:2      | Killed Terence
  1028 | D:2      | Reached skill level 5 in Conjurations
  1166 | D:2      | Noticed Natasha
  1170 | D:2      | Killed Natasha
  1171 | D:2      | Reached XP level 4. HP: 33/33 MP: 4/9
  1521 | D:2      | Noticed Natasha
  1527 | D:2      | Killed Natasha
  1536 | D:2      | Noticed Natasha
  1543 | D:2      | Killed Natasha
  1802 | D:3      | You fall into a shaft and drop 3 floors!
  1962 | D:6      | Noticed a water moccasin
  1971 | D:6      | Killed a water moccasin
  1972 | D:6      | Reached XP level 5. HP: 38/38 MP: 10/10
  1976 | D:6      | Noticed a black bear
  1988 | D:6      | Killed a black bear
  1989 | D:6      | Reached XP level 6. HP: 45/45 MP: 7/11
  2064 | D:5      | Entered Level 5 of the Dungeon
  2560 | D:5      | Reached XP level 7. HP: 50/50 MP: 12/12
  2661 | D:5      | Learned a level 4 spell: Iskenderun's Mystic Blast
  2700 | D:5      | Reached skill level 1 in Translocations
  3551 | D:4      | Noticed Eustachio
  3561 | D:4      | Killed Eustachio
  3562 | D:4      | Reached skill level 5 in Translocations
  3702 | D:4      | Found a staircase to the Ecumenical Temple.
  3893 | D:4      | Reached XP level 8. HP: 57/57 MP: 13/13
  5964 | D:7      | Noticed Pikel
  6597 | D:7      | Killed Pikel
  6598 | D:7      | Reached XP level 9. HP: 53/62 MP: 9/19
  6879 | D:7      | Reached skill level 5 in Spellcasting
  7357 | D:7      | Learned a level 3 spell: Stone Arrow
  7361 | D:7      | Learned a level 3 spell: Swiftness
  7533 | D:8      | Noticed a two-headed ogre
  7541 | D:8      | Killed a two-headed ogre
  7826 | D:8      | Noticed Maggie
  7841 | D:8      | Killed Maggie
  8369 | D:9      | Reached XP level 10. HP: 69/69 MP: 26/26
  8674 | D:9      | Found a flagged portal.
  8706 | D:9      | Noticed Psyche
  8723 | Bailey   | Entered a bailey
  8921 | Bailey   | Noticed an orc knight
  8963 | Bailey   | Identified the +1 chain mail of Decompression {rElec Dex+5}
  9193 | Bailey   | Killed an orc knight
  9405 | Bailey   | Reached skill level 10 in Spellcasting
  9528 | Bailey   | Identified the +10 shortbow "Fumuj" {speed, Int+2}
  9935 | D:9      | Killed Psyche
 10218 | D:9      | Noticed an orange crystal statue
 10334 | D:9      | Noticed a two-headed ogre
 10572 | D:9      | Reached skill level 1 in Fighting
 10578 | D:9      | Found a staircase to the Lair.
 10580 | D:9      | Identified the +4 falchion "Jarates" {venom, rN+ Str+2
                  | Dex+4}
 10717 | D:9      | Noticed a two-headed ogre
 10726 | D:9      | Killed a two-headed ogre
 10899 | D:9      | Noticed a two-headed ogre
 10910 | D:9      | Killed a two-headed ogre
 11510 | D:10     | Entered Level 10 of the Dungeon
 11510 | D:10     | Found a staircase to the Orcish Mines.
 11552 | D:10     | Noticed Grum
 11578 | D:10     | Killed Grum
 11579 | D:10     | Reached skill level 5 in Fighting
 11579 | D:10     | Reached XP level 11. HP: 85/86 MP: 16/30
 11655 | D:10     | Found Barim's Magic Scroll Shoppe.
 11666 | D:10     | Bought a scroll of identify for 24 gold pieces
 11666 | D:10     | Bought a scroll of amnesia for 48 gold pieces
 11666 | D:10     | Bought a scroll of blinking for 90 gold pieces
 11666 | D:10     | Bought a scroll of vulnerability for 48 gold pieces
 11784 | D:10     | Noticed a two-headed ogre
 11791 | D:10     | Killed a two-headed ogre
 12377 | D:11     | Reached skill level 1 in Ranged Weapons
 12451 | D:11     | Reached skill level 2 in Ranged Weapons
 12668 | D:11     | Reached skill level 3 in Ranged Weapons
 12770 | D:11     | Reached skill level 4 in Ranged Weapons
 12841 | D:11     | Reached skill level 5 in Ranged Weapons
 13272 | D:12     | Noticed a deep elf pyromancer
 13283 | D:12     | Killed a deep elf pyromancer
 13288 | D:12     | Reached skill level 6 in Ranged Weapons
 13398 | D:12     | Reached skill level 7 in Ranged Weapons
 13413 | D:12     | Noticed a skeletal warrior
 13418 | D:12     | Noticed a two-headed ogre
 13432 | D:12     | Killed a two-headed ogre
 13452 | D:12     | Found a frozen archway.
 13483 | D:12     | Killed a skeletal warrior
 13484 | D:12     | Reached skill level 8 in Ranged Weapons
 13484 | D:12     | Reached XP level 12. HP: 28/100 MP: 9/31
 13627 | IceCv    | Entered an ice cave
 13789 | IceCv    | Found a transporter.
 13805 | IceCv    | Found a transporter.
 13848 | IceCv    | Reached skill level 9 in Ranged Weapons
 14040 | D:12     | Reached skill level 1 in Shields
 14330 | D:12     | Learned a level 5 spell: Borgnjor's Vile Clutch
 14391 | D:12     | Reached skill level 5 in Shields
 14399 | D:12     | Noticed a boulder beetle
 14534 | D:10     | Bought a scroll of blinking for 90 gold pieces
 14534 | D:10     | Bought a scroll of enchant weapon for 90 gold pieces
 14539 | D:10     | Gained mutation: Your mind is acute. (Int +4, Str/Dex -1)
                  | [potion of mutation]
 14539 | D:10     | Gained mutation: You are somewhat resistant to further
                  | mutation. [potion of mutation]
 14615 | Lair:1   | Entered Level 1 of the Lair of Beasts
 15429 | Lair:1   | Reached skill level 1 in Necromancy
 15610 | Lair:2   | Learned a level 4 spell: Manifold Assault
 15728 | Lair:2   | Learned a level 6 spell: Starburst
 15923 | Lair:2   | Found a staircase to the Swamp.
 16179 | Lair:2   | Identified the +9 hand axe of Hevown {freeze, rF+ Will+
                  | Str+2}
 16215 | Lair:2   | Identified the +5 war axe of Imuot {freeze, rF+}
 16568 | Lair:3   | You fall into a shaft and drop 1 floor!
 16764 | Lair:4   | Noticed Kirke
 16787 | Lair:4   | Killed Kirke
 16788 | Lair:4   | Reached skill level 5 in Necromancy
 16788 | Lair:4   | Reached XP level 13. HP: 83/105 MP: 1/32
 17266 | Lair:4   | Noticed Sonja
 17272 | Lair:4   | Killed Sonja
 17273 | Lair:4   | Reached skill level 1 in Earth Magic
 18395 | Lair:3   | Reached skill level 5 in Earth Magic
 18892 | Lair:3   | Got the Compendium of the Ghoulish Torch
 19669 | Lair:3   | Found a hole to the Spider Nest.
 19795 | Lair:5   | Entered Level 5 of the Lair of Beasts
 19866 | Lair:5   | Reached skill level 10 in Fighting
 20255 | Lair:5   | Reached skill level 10 in Ranged Weapons
 20264 | Lair:5   | Reached XP level 14. HP: 98/121 MP: 9/33
 20725 | Lair:5   | Reached skill level 11 in Ranged Weapons
 21052 | Lair:5   | Found a staircase to the Slime Pits.
 21970 | Orc:1    | Entered Level 1 of the Orcish Mines
 22006 | Orc:1    | Reached skill level 12 in Ranged Weapons
 22011 | Orc:1    | Noticed an orc warlord
 22046 | Orc:1    | Killed an orc warlord
 22139 | Orc:1    | You fall into a shaft and drop 1 floor!
 22139 | Orc:2    | Entered Level 2 of the Orcish Mines
 22139 | Orc:2    | Found Boul's Antique Armour Shoppe.
 22139 | Orc:2    | Found Qiapt's Antique Weapon Boutique.
 22232 | Orc:2    | Found Juil's Jewellery Emporium.
 22310 | Orc:2    | Paralysed by an orc sorcerer for 2 turns
 22385 | Orc:2    | Found a staircase to the Elven Halls.
 22737 | Orc:1    | Noticed Jorgrun
 22754 | Orc:1    | Killed Jorgrun
 22955 | Orc:2    | Reached skill level 13 in Ranged Weapons
 23248 | Orc:2    | Paralysed by an orc sorcerer for 3 turns
 23285 | Orc:2    | Reached skill level 1 in Armour
 23407 | Orc:2    | Paralysed by an orc sorcerer for 4 turns
 23510 | Orc:2    | Found Voof's Distillery.
 23511 | Orc:2    | Found Yniyrom's Armour Boutique.
 23802 | Orc:2    | Bought the ring "Zanueh Zui" {Fire Drain Slay+6} for 825
                  | gold pieces
 23827 | Orc:2    | Bought a polished scale mail for 261 gold pieces
 23827 | Orc:2    | Identified the +7 scale mail of the Unseen Realm {Drain
                  | rPois rF+ rN+} (You bought it in a shop on level 2 of the
                  | Orcish Mines)
 24597 | D:12     | Reached skill level 5 in Armour
 25251 | D:12     | Identified the +0 ring mail of the Lemon {rC+ Stlth+}
 26358 | D:14     | Learned a level 2 spell: Passwall
 26358 | D:14     | Found a gate leading to a gauntlet.
 26377 | Gauntlet | Entered a Gauntlet
 26377 | Gauntlet | Found a transporter.
 26377 | Gauntlet | Found a runed translucent door.
 26377 | Gauntlet | Found a transporter.
 26446 | Gauntlet | Found a transporter.
 26468 | Gauntlet | Found a transporter.
 26473 | Gauntlet | Found a runed translucent door.
 26476 | Gauntlet | Found a transporter.
 26476 | Gauntlet | Found a transporter.
 26478 | Gauntlet | Found a transporter.
 26478 | Gauntlet | Found a transporter.
 26490 | Gauntlet | Found a transporter.
 26506 | Gauntlet | Found a transporter.
 26516 | Gauntlet | Found a transporter.
 26521 | Gauntlet | Found a transporter.
 26556 | Gauntlet | Found a transporter.
 26556 | Gauntlet | Found a transporter.
 26559 | Gauntlet | Found a runed translucent door.
 26819 | Gauntlet | Reached XP level 15. HP: 106/126 MP: 30/34
 26885 | Gauntlet | Identified the +0 cloak of the Three Wonders {SInv}
 27143 | Gauntlet | Reached skill level 14 in Ranged Weapons
 27315 | Gauntlet | Identified the ring of Mietyduu {Str+3 Int+6}
 27422 | D:14     | Noticed Snorg
 27437 | D:14     | Killed Snorg
 27532 | D:14     | Identified a scroll of acquirement
 27533 | D:14     | Acquired the +1 helmet of Weak Intercession {Will+ Str+3
                  | Dex-5}
 27607 | D:14     | Noticed Rupert
 27607 | D:14     | Paralysed by Rupert for 5 turns
 27629 | D:14     | Killed Rupert
 27863 | D:14     | Found a gate to the Vaults.
 27886 | D:14     | Reached skill level 15 in Ranged Weapons
 28037 | D:15     | Entered Level 15 of the Dungeon
 28385 | D:15     | Paralysed by an ogre mage for 3 turns
 28461 | D:15     | Noticed Josephine
 28468 | D:15     | Killed Josephine
 28609 | D:15     | Found a staircase to the Depths.
 29300 | Swamp:1  | Entered Level 1 of the Swamp
 29355 | Swamp:1  | Reached skill level 16 in Ranged Weapons
 29706 | Swamp:1  | Reached skill level 1 in Transmutations
 29744 | Swamp:1  | Noticed Frances
 29807 | Swamp:1  | Killed Frances
 30243 | Swamp:2  | Noticed Louise
 30259 | Swamp:2  | Killed Louise
 30260 | Swamp:2  | Reached skill level 5 in Transmutations
 30478 | Swamp:2  | Noticed a fenstrider witch
 30484 | Swamp:2  | Killed a fenstrider witch
 30537 | Swamp:2  | Reached XP level 16. HP: 134/134 MP: 14/35
 31021 | Swamp:2  | Learned a level 8 spell: Necromutation
 31587 | Swamp:3  | Noticed a tentacled monstrosity
 31599 | Swamp:3  | Killed a tentacled monstrosity
 31816 | Swamp:4  | Entered Level 4 of the Swamp
 31879 | Swamp:4  | Noticed Bai Suzhen
 31904 | Swamp:4  | Killed Bai Suzhen
 32734 | Swamp:4  | Reached skill level 10 in Necromancy
 32866 | Swamp:4  | Got a decaying rune of Zot
 32983 | Swamp:4  | Noticed Mlioglotl
 33001 | Swamp:4  | Killed Mlioglotl
 33104 | Swamp:4  | Identified Roxanne's Grimoire of Sculpting
 33104 | Swamp:4  | Noticed Roxanne
 33137 | Swamp:4  | Killed Roxanne
 33151 | Swamp:4  | Learned a level 6 spell: Statue Form
 33392 | Spider:1 | Entered Level 1 of the Spider Nest
 34107 | Spider:1 | Found a runed translucent door.
 34107 | Spider:1 | Noticed gdog's ghost (adept GnDe)
 34323 | Spider:1 | Killed gdog's ghost
 34663 | Spider:2 | Reached XP level 17. HP: 140/140 MP: 32/36
 35311 | Spider:3 | Reached skill level 10 in Transmutations
 36203 | Spider:4 | Entered Level 4 of the Spider Nest
 36606 | Spider:4 | Acquired a +0 cloak of preservation
 36607 | Spider:4 | Acquired 1115 gold pieces
 36781 | Spider:4 | HP: 2/140 [ghost moth (11)]
 36781 | Spider:4 | Mangled by an entropy weaver

Illustrated notes

Levels and vault maps discovered:
D:1:      eino_arrival_druids_welcome, layout_rooms,
          hellmonk_ecumenical_altar_run_dry
D:2:      layout_basic, uniq_natasha, uniq_terence
D:3:      layout_basic, serial_aquarium, aquarium_bridge_straight
          [aquarium_subvault_bridge, aquarium_subvault_wall,
          aquarium_subvault_bridge, aquarium_subvault_wall],
          aquarium_bridge_island_small [aquarium_subvault_small_water,
          aquarium_subvault_wall, aquarium_subvault_bridge,
          aquarium_subvault_bridge, aquarium_subvault_wall], aquarium_window_1,
          aquarium_window_1, aquarium_window_corner, aquarium_window_fake,
          aquarium_view_2d, aquarium_view_2d, aquarium_pool_S
D:4:      layout_rooms, minitemple, mainiacjoe_overflow_big_doors,
          minmay_temple_entry_offerings, uniq_eustachio
D:5:      layout_layer_cave, guppyfry_early_lair_pool
D:6:      layout_rooms
D:7:      layout_cave_pods, uniq_pikel
D:8:      layout_basic, uniq_maggie
D:9:      layout_stronghold, hellmonk_lair_entry_icy, enter_bailey_5,
          minivault_16, uniq_psyche
D:10:     layout_big_octagon, grunt_temple_overflow_forces_of_nature,
          chequers_temple_overflow_minitemple, orc_0_dummy, serial_shops,
          nicolae_shop_tiny_glass, minmay_ruffians, uniq_grum
D:11:     layout_gridville
D:12:     layout_cave_pods, portal_ice_cave_entry_ice_simulacra, serial_ice,
          serial_ice_j, serial_ice_g, serial_ice_b, serial_ice_n, minmay_between
D:13:     layout_roguey, grunt_ogre_cave
D:14:     layout_rooms, erik_vaults_1, gauntlet_entry_generic,
          hangedman_glass_teeth, uniq_snorg, uniq_rupert
D:15:     grunt_enter_depths_snipers, layout_loops_cross, serial_bayou_shore_b,
          billiards_dpeg, uniq_josephine
Lair:1:   layout_layer_cave, beast_lair_carwin_8
Lair:2:   layout_gridlike, nicolae_swamp_entry_splash_gauntlet
Lair:3:   nzn_winding_woodlands_huge [nzn_winding_woodlands_5x15_garden,
          nzn_winding_woodlands_5x15_concentric,
          nzn_winding_woodlands_5x15_longhouse,
          nzn_winding_woodlands_5x15_parted,
          nzn_winding_woodlands_5x15_split_checker,
          nzn_winding_woodlands_5x15_pathside_ponds,
          nzn_winding_woodlands_5x15_default, nzn_winding_woodlands_5x15_zeroes,
          nzn_winding_woodlands_5x15_river_crossing,
          nzn_winding_woodlands_5x15_pool,
          nzn_winding_woodlands_center_pierced_h,
          nzn_winding_woodlands_center_triple_pond,
          nzn_winding_woodlands_15x15_eel_pit], layout_chaotic_city,
          spider_nest_entry_web_field
Lair:4:   layout_regular_city, uniq_sonja, uniq_kirke
Lair:5:   minmay_lair_end_frog_pond, layout_regular_city, slime_entry_1
Swamp:1:  layout_basic_swamp, evilmike_swamp_ruin_house_4,
          nicolae_swamp_bunyip_nook, uniq_frances
Swamp:2:  layout_basic_swamp, nicolae_swamp_small_spring, uniq_louise
Swamp:3:  cheibrodos_swamp_monstrosity, layout_falls_marsh,
          evilmike_swamp_ruin_house_5, swamp_pool1, nicolae_swamp_oxbows
Swamp:4:  swamp, layout_basic_swamp, nicolae_swamp_frolicking_bunyips,
          uniq_roxanne, uniq_mlioglotl, uniq_bai_suzhen
Spider:1: layout_spider_delve, ebering_ghost_inner_flame
Spider:2: layout_spider_delve, einodemon_crawler_minivault
Spider:3: layout_spider_delve
Spider:4: guppyfry_spider_rune
Orc:1:    layout_caves, mines_bat_river, uniq_jorgrun
Orc:2:    st_orc_elflike, layout_diamond_mine, serial_shops, shop, basic_altar

Skill      XL: |  1  2  3  4  5  6  7  8  9 10 11 12 13 14 15 16 17 |
---------------+----------------------------------------------------+-----
Conjurations   | 4 5 6 7 8 |  8.2
Translocations | 5 7 |  7.2
Spellcasting   | 4 8 10 | 10.8
Fighting       | 5 7 10 | 10.1
Ranged Weapons | 8 9 10 13 16 | 16.1
Shields        | 7 |  7.0
Necromancy     | 5 6 11 | 11.6
Earth Magic    | 5 6 |  6.0
Armour         | 5 7 |  7.3
Transmutations | 6 9 10 | 10.2
Dodging        | 2 |  2.3
Stealth        | |  1.7

Action                     |  1- 3 |  4- 6 |  7- 9 | 10-12 | 13-15 | 16-18 || total
---------------------------+-------+-------+-------+-------+-------+-------++-------
  Melee: Unarmed           |     3 |       |       |       |       |       ||     3
         Mace              |     1 |       |       |       |       |       ||     1
         Short sword       |       |       |       |     2 |       |       ||     2
         Shortbow          |       |       |       |     9 |       |       ||     9
   Fire: Shortbow          |       |       |       |   558 |  1249 |   885 ||  2692
   Cast: Magic Dart        |    60 |    54 |   203 |    71 |       |       ||   388
         Searing Ray       |     1 |    10 |    49 |     3 |       |       ||    63
         Iskenderun's Myst |       |       |    13 |   199 |   525 |   385 ||  1122
         Stone Arrow       |       |       |       |     1 |       |     1 ||     2
         Manifold Assault  |       |       |       |     8 |       |       ||     8
         Borgnjor's Vile C |       |       |       |     1 |     8 |    11 ||    20
         Swiftness         |       |       |       |       |     1 |     1 ||     2
         Statue Form       |       |       |       |       |       |     1 ||     1
         Passwall          |       |       |       |       |       |     1 ||     1
    Use: Potion            |       |       |       |     6 |     7 |    21 ||    34
         Scroll            |       |       |       |    24 |    16 |    12 ||    52
 Armour: Robe              |       |     2 |     1 |       |       |       ||     3
         Leather armour    |       |       |    17 |       |       |       ||    17
         Steam dragon scal |       |       |     2 |    51 |    47 |       ||   100
         Scale mail        |       |       |       |       |   170 |   385 ||   555
  Dodge: Dodged            |     8 |     9 |    57 |   200 |   252 |   205 ||   731
